Map: [ESL] Oceanborn

Players

Serral - Winner!

  • Race: Zerg Zerg
  • Spawn Location: 5:00

Oliveira

  • Race: Terran Terran
  • Spawn Location: 11:00

Event: ESL SC2 Masters 2023 Winter (Finals)

VOD

Have the link to the VOD?

Description

Time

  • Played on: Dec. 16, 2023, 7:50 p.m.
  • Length: 13:18

All games in this series

Show
View Real Time Build Order
Export as new Build Order

Serral Zerg - Winner!

Build Orders: Hatch First 

Get SALT Encoding   

  12  0:00  Drone  
  13  0:11  Overlord  
  13  0:16  Drone  
  14  0:30  Drone x2  
  16  0:48  Hatchery  
  15  0:51  Drone  
  15  0:54  Drone  
  17  0:57  Drone  
  18  1:09  Extractor  
  17  1:12  Spawning Pool  
  17  1:15  Drone  
  17  1:19  Drone  
  18  1:27  Drone  
  19  1:38  Drone  
  20  1:48  Drone  
  21  1:59  Queen x2  
  21  2:00  Zergling x4  
  27  2:09  Metabolic Boost  
  27  2:10  Overlord  
  27  2:11  Drone  
  28  2:33  Hatchery  
  28  2:35  Drone x3  
  30  2:38  Drone  
  31  2:44  Queen  
  31  2:49  Overlord  
  33  2:52  Drone  
  33  2:54  Drone  
  33  2:57  Drone  
  36  3:04  Overlord  
  36  3:08  Drone  
  36  3:09  Drone x2  
  36  3:12  Queen  
  39  3:15  Drone  
  39  3:17  Drone  
  39  3:18  Drone  
  44  3:24  Queen  
  44  3:27  Drone  
  47  3:32  Overlord  
  47  3:37  Zergling x2  
  47  3:38  Zergling x2  
  47  3:39  Drone x2  
  51  3:45  Queen  
  51  3:47  Overlord  
  51  3:48  Drone  
  54  3:52  Zergling x2  
  54  3:55  Drone x3  
  58  3:56  Drone  
  58  3:59  Drone  
  58  4:00  Drone  
  61  4:03  Queen  
  63  4:10  Zergling x2, Overlord  
  63  4:12  Drone  
  63  4:16  Drone x3  
  68  4:21  Queen  
  68  4:23  Drone x3  
  73  4:30  Overlord  
  73  4:31  Overlord  
  73  4:35  Lair  
  73  4:39  Extractor, Queen  
  73  4:42  Baneling Nest  
  73  4:45  Zergling x2  
  74  4:48  Zergling x6  
  74  4:50  Drone x2  
  79  4:53  Drone x4  
  79  4:55  Drone x2  
  79  4:58  Overlord  
  79  4:59  Zergling x2  
  86  5:04  Drone  
  86  5:06  Drone  
  86  5:07  Drone  
  88  5:08  Spore Crawler  
  88  5:10  Spore Crawler  
  88  5:11  Hatchery  
  88  5:13  Drone x2  
  87  5:16  Drone x3  
  87  5:21  Extractor x2  
  88  5:24  Zergling x2  
  88  5:25  Drone x2, Evolution Chamber  
  88  5:26  Evolution Chamber  
  90  5:28  Drone x3  
  90  5:31  Spore Crawler  
  90  5:33  Overlord  
  91  5:35  Overseer  
  91  5:36  Centrifugal Hooks  
  91  5:38  Drone x2  
  93  5:45  Overlord  
  93  5:47  Drone x3  
  93  5:48  Drone x2  
  98  5:51  Overlord  
  98  5:53  Overseer  
  98  5:55  Zerg Melee Weapons Level 1  
  97  6:00  Zergling x14  
  97  6:03  Drone x3  
  107  6:08  Zerg Ground Armor Level 1  
  107  6:13  Drone x2  
  107  6:16  Overseer  
  109  6:20  Zergling x6  
  109  6:24  Overlord  
  109  6:25  Queen  
  112  6:27  Baneling x8  
  112  6:28  Hatchery  
  112  6:30  Zergling x6  
  114  6:35  Overseer  
  110  6:43  Drone x10  
  116  6:52  Overlord  
  116  6:59  Zergling x14  
  123  7:05  Zergling x6  
  126  7:09  Zergling x2  
  126  7:13  Burrow  
  126  7:14  Overlord  
  126  7:15  Zergling x18  
  133  7:20  Drone  
  137  7:23  Hatchery  
  137  7:29  Overseer  
  136  7:33  Drone x2  
  136  7:34  Overlord  
  138  7:39  Zergling x4  
  138  7:40  Zergling x12  
  138  7:43  Zergling x10  
  141  7:47  Spore Crawler  
  140  7:51  Drone  
  140  7:52  Zergling x10, Drone  
  140  7:54  Zerg Melee Weapons Level 2  
  140  7:55  Baneling x6  
  147  8:00  Queen  
  147  8:05  Zergling x20  
  159  8:06  Baneling x6  
  159  8:12  Zerg Ground Armor Level 2  
  159  8:19  Zergling x18  
  166  8:25  Extractor x2, Hydralisk Den  
  163  8:29  Drone x3  
  163  8:32  Overlord x2  
  165  8:34  Overlord  
  165  8:40  Zergling x24  
  157  8:49  Zergling x2  
  157  8:50  Zergling x14  
  157  8:54  Grooved Spines  
  165  8:56  Drone x4  
  165  8:57  Drone  
  165  9:02  Hydralisk x5  
  172  9:04  Pneumatized Carapace  
  180  9:12  Infestation Pit  
  180  9:13  Zergling x16  
  187  9:18  Baneling x10  
  187  9:31  Zergling x2  
  187  9:32  Zergling x14  
  195  9:44  Muscular Augments, Overlord x2  
  195  9:46  Drone  
  195  9:49  Hive  
  195  9:52  Overlord  
  196  9:59  Overlord  
  196  10:00  Overlord  
  196  10:03  Baneling x8  
  196  10:05  Zergling x10  
  199  10:08  Hatchery  
  199  10:10  Zerg Missile Weapons Level 1  
  196  10:19  Drone x4  
  196  10:20  Spore Crawler  
  199  10:23  Extractor, Lurker Den  
  199  10:26  Drone x3, Baneling x6  
  200  10:28  Baneling  
  200  10:29  Baneling x15  
  200  10:41  Zergling x18  
  198  10:50  Baneling x2  
  198  11:01  Adrenal Glands  
  198  11:07  Viper  
  199  11:16  Hydralisk x2  
  199  11:17  Zergling x2, Hydralisk x2  
  199  11:18  Zergling x46, Hatchery  
  199  11:22  Baneling x9  
  196  11:36  Zergling x20  
  199  11:45  Baneling x5  
  197  11:48  Seismic Spines  
  194  11:59  Zergling x2  
  194  12:00  Zergling x40  
  191  12:09  Zergling x10  
  191  12:10  Zergling x14  
  195  12:19  Baneling x5  
  195  12:20  Baneling x11  
  195  12:21  Zergling x42  
  196  12:25  Zergling x4  
  185  12:35  Hydralisk x6  
  170  12:45  Zergling x16  
  163  12:57  Drone x2  
  163  12:58  Drone  
  168  13:08  Hatchery  
Show
View Real Time Build Order
Export as new Build Order

Oliveira Terran 

Build Orders: Reaper Expand, Hellion Banshee 

Get SALT Encoding   

  12  0:00  SCV  
  13  0:12  SCV  
  14  0:17  Supply Depot  
  14  0:24  SCV  
  15  0:38  SCV  
  15  0:39  Barracks  
  16  0:44  Refinery  
  16  0:50  SCV  
  17  1:03  SCV  
  18  1:15  SCV  
  19  1:27  Orbital Command  
  19  1:28  Reaper  
  20  1:38  Command Center  
  20  1:52  Supply Depot  
  20  1:53  SCV  
  21  2:00  Marine  
  22  2:05  SCV  
  23  2:16  Factory  
  23  2:17  SCV  
  23  2:22  Barracks Reactor  
  24  2:32  SCV  
  25  2:39  Command Center  
  25  2:46  SCV  
  26  2:51  Orbital Command  
  26  2:58  SCV  
  26  3:03  Starport  
  26  3:04  Refinery  
  27  3:10  SCV  
  28  3:15  Hellion x2  
  28  3:18  SCV  
  28  3:19  Barracks Tech Lab  
  33  3:23  SCV  
  34  3:30  SCV  
  35  3:35  SCV  
  35  3:38  Hellion x2  
  40  3:42  SCV  
  40  3:45  Viking  
  40  3:46  Barracks Tech Lab  
  43  3:49  SCV  
  43  3:52  Orbital Command  
  43  3:54  SCV  
  45  3:58  Cloaking Field  
  45  4:01  SCV  
  46  4:04  Hellion  
  46  4:06  Hellion, SCV  
  51  4:10  Supply Depot  
  51  4:15  Banshee  
  54  4:18  Marine  
  54  4:19  SCV x2  
  54  4:20  SCV  
  58  4:28  Hellion  
  60  4:31  Hellion  
  60  4:33  Orbital Command, Supply Depot  
  60  4:34  SCV  
  60  4:35  SCV  
  60  4:37  Stimpack, Supply Depot  
  64  4:42  Marine  
  65  4:46  SCV  
  65  4:47  SCV  
  67  4:54  Barracks  
  67  4:58  Barracks, Banshee  
  70  5:00  Engineering Bay  
  70  5:02  Engineering Bay  
  70  5:04  SCV  
  70  5:05  SCV, Refinery x2  
  70  5:06  SCV  
  73  5:09  Marine  
  73  5:10  Factory Reactor  
  74  5:16  SCV  
  74  5:17  SCV  
  74  5:18  SCV  
  77  5:29  Barracks, SCV x2  
  77  5:31  Barracks  
  77  5:32  Supply Depot, SCV  
  77  5:35  Supply Depot  
  80  5:36  Terran Infantry Weapons Level 1, Terran Infantry Armor Level 1  
  80  5:41  SCV  
  81  5:45  SCV  
  81  5:46  SCV  
  82  5:52  Starport Reactor  
  82  5:54  SCV  
  82  5:55  Supply Depot  
  81  5:58  SCV x2  
  81  6:02  Siege Tank  
  86  6:05  Marine x2  
  86  6:06  SCV  
  86  6:10  SCV  
  90  6:11  SCV  
  90  6:12  Supply Depot  
  90  6:14  Marine  
  93  6:18  SCV  
  93  6:19  Barracks Reactor  
  93  6:20  Barracks Reactor  
  93  6:22  Command Center, SCV  
  93  6:23  SCV  
  95  6:26  Marine  
  95  6:29  Medivac x2  
  95  6:30  Combat Shield, SCV  
  101  6:36  SCV x2  
  101  6:38  Refinery  
  101  6:39  Supply Depot, Refinery  
  103  6:42  Supply Depot  
  103  6:43  Marine  
  103  6:45  Siege Tank, SCV  
  108  6:48  SCV, Marine x2  
  108  6:50  Supply Depot  
  108  6:52  SCV  
  108  6:53  Marine  
  110  6:56  Factory, Marine  
  110  6:57  SCV  
  110  6:58  Marine  
  110  7:01  Marine  
  113  7:04  Marine  
  113  7:05  SCV  
  113  7:06  Marine  
  113  7:07  Marine x2  
  119  7:09  Marine  
  119  7:11  Marine  
  119  7:12  Medivac x2  
  119  7:14  SCV x2  
  127  7:15  Supply Depot  
  127  7:19  Siege Tank  
  130  7:23  Armory, SCV  
  130  7:28  Barracks x2  
  131  7:31  Barracks  
  131  7:32  Marine  
  124  7:44  Marine x3  
  124  7:45  Factory Reactor  
  124  7:48  SCV x2  
  124  7:49  Marine  
  130  7:52  Marine x3  
  130  7:54  Siege Tank  
  130  7:55  SCV  
  130  7:56  Marine  
  130  7:57  Marine  
  139  7:59  Medivac x2  
  139  8:02  Marine  
  144  8:07  Marine  
  144  8:08  Marine  
  144  8:11  Marine x2  
  148  8:12  Terran Infantry Weapons Level 2, Terran Infantry Armor Level 2  
  148  8:16  Marine x2  
  147  8:20  Marine  
  147  8:21  Barracks Tech Lab x3  
  147  8:22  SCV  
  147  8:24  Supply Depot, Marine x2  
  147  8:25  Supply Depot  
  146  8:36  Widow Mine x2  
  146  8:37  Marine  
  146  8:40  Marine x3  
  130  8:42  Siege Tank, SCV, Marine x2  
  130  8:43  Marine x2, Marauder x4  
  130  8:45  Terran Vehicle Weapons Level 1  
  130  8:46  SCV  
  145  8:50  Planetary Fortress  
  145  8:52  SCV  
  145  8:55  Marine  
  147  8:56  Concussive Shells  
  147  8:58  Marine  
  147  9:00  Widow Mine  
  147  9:01  Sensor Tower, Widow Mine  
  147  9:02  Marine  
  153  9:03  Marine  
  153  9:04  Marauder  
  153  9:05  SCV  
  153  9:07  SCV x2  
  153  9:08  Marauder  
  161  9:11  Marine, Marauder  
  161  9:12  Marine  
  161  9:13  Marine  
  161  9:14  Marine  
  161  9:15  Marine x2  
  169  9:17  SCV  
  169  9:22  Siege Tank  
  169  9:23  Widow Mine  
  175  9:25  Marauder, Widow Mine  
  175  9:29  Supply Depot  
  179  9:33  Marine  
  180  9:42  Supply Depot x2  
  180  9:47  Ghost Academy  
  180  9:50  Marine x2  
  180  9:51  Widow Mine x2, Marauder  
  188  10:01  Liberator x2, Marine  
  188  10:02  Marauder  
  188  10:03  Siege Tank, Marine x3  
  188  10:04  Marauder x2  
  197  10:08  Marine x3  
  197  10:12  Marauder  
  188  10:18  Widow Mine x2  
  192  10:22  Factory  
  192  10:25  Ghost x2  
  192  10:26  Command Center  
  196  10:36  Sensor Tower  
  196  10:37  Missile Turret  
  196  10:40  Ghost x2  
  196  10:41  Marine  
  198  10:46  Widow Mine  
  200  11:16  Marine x2  
  200  11:17  Marauder x2, Marine x2  
  200  11:18  Marauder, Marine x3  
  190  11:19  Siege Tank  
  190  11:20  Factory Tech Lab  
  190  11:21  Marine  
  190  11:22  Widow Mine x2  
  199  11:31  Marine  
  200  11:34  Marine x2  
  200  11:38  Marauder  
  195  11:40  Liberator, Marauder  
  200  11:58  Marine  
  200  12:00  Marine x3  
  196  12:01  Marauder  
  196  12:03  Siege Tank  
  196  12:06  Marine  
  196  12:08  Marine  
  181  12:11  Ghost, Marine  
  163  12:17  Marauder, Marine x3  
  162  12:25  Marine  
  162  12:26  Marine x2  
  162  12:27  Marauder  
  162  12:29  Siege Tank  
  153  12:33  Marine x2  
  153  12:34  SCV  
  153  12:35  Marauder, Marine x2  
  153  12:36  Widow Mine x2  
  128  12:47  Marine x3  
  128  12:48  Marine, Marauder x2  
  118  12:52  SCV x2  
  118  12:53  Marine x2  
  118  12:54  Marauder  
  117  13:00  Marine x2  
Tags
 
Add a new tag
Caveats
  • Supply blocks, unpowered buildings, or Contaminate may cause inaccurate times.
  • Supply counts are checked every 10 seconds.